 Dungeon Crawl Stone Soup version 0.20-a0-705-gbe8799e (webtiles) character file.

1287 Magnus the Changer (level 8, -1/68 HPs)
             Began as a Demigod Transmuter on Feb 21, 2017.
             Slain by an unseen horror (6 damage)
             ... on level 6 of the Dungeon.
             The game lasted 00:36:49 (10476 turns).

Magnus the Changer (Demigod Transmuter)            Turns: 10476, Time: 00:36:50

Health: -1/68      AC:  3    Str: 13    XL:     8   Next: 8%
Magic:  17/17      EV: 12    Int: 19    God:
Gold:   454        SH:  0    Dex: 18    Spells: 11/15 levels left

rFire    + . .     SeeInvis .   f - +2 whip (elec)
rCold    x . .     Gourm    .   b - +1 robe
rNeg     + . .     Faith    .   (no shield)
rPois    .         Spirit   .   (no helmet)
rElec    .         Reflect  .   (no cloak)
rCorr    .         Harm     .   (no gloves)
MR       .....                  (no boots)
Stlth    ++........             (no amulet)
Regen    0.3/turn               n - ring of fire
MPRegen  0.2/turn               i - ring of positive energy

@: about to teleport, marked
A: high mp 1
a: no special abilities


You were on level 6 of the Dungeon.
You were near starving.

You visited 1 branch of the dungeon, and saw 6 of its levels.
You also visited: Sewer.

You collected 454 gold pieces.

Inventory:

Hand Weapons
 f - a +2 whip of electrocution (weapon)
Missiles
 a - 79 arrows
Armour
 b - a +1 robe (worn)
Jewellery
 i - a ring of positive energy (left hand)
 n - a ring of fire (right hand)
 y - an uncursed ring of protection from cold
Wands
 g - a wand of iceblast (10/15)
Scrolls
 h - a scroll of enchant armour
 k - 2 scrolls of remove curse
 l - a scroll of teleportation
 m - 2 scrolls of amnesia
 o - 4 scrolls of identify
 q - a scroll of blinking
 r - 2 scrolls of fear
 v - a scroll of fog {unknown}
 w - a scroll of magic mapping
Potions
 e - a potion of cancellation {unknown}
 j - 3 potions of brilliance
 p - a potion of might {unknown}
 s - 4 potions of curing {unknown}
 t - a potion of haste {unknown}
 u - a potion of berserk rage {unknown}
 x - a potion of degeneration {unknown}
 z - 2 potions of heal wounds
 A - a potion of mutation {unknown}
Books
 c - a book of Changes

   Spells                             Type                      Level
   a - Beastly Appendage              Transmutation                1
   b - Sticks to Snakes               Transmutation                2
   c - Spider Form                    Transmutation/Poison         3
   d - Ice Form                       Ice/Transmutation            4
   e - Blade Hands                    Transmutation                5
Miscellaneous
 B - a sack of spiders
Comestibles
 d - 8 bread rations
 C - a meat ration


   Skills:
 - Level 5.0 Fighting
 - Level 1.7 Dodging
 + Level 4.9 Unarmed Combat
 - Level 4.0 Spellcasting
 - Level 5.2 Transmutations


You had 11 spell levels left.
You knew the following spells:

 Your Spells              Type           Power        Failure   Level  Hunger
a - Beastly Appendage     Tmut           ###...       1%          1    None
c - Spider Form           Tmut/Pois      ##........   14%         3    ###....


Dungeon Overview and Level Annotations

Branches:
Dungeon (6/15)             Temple (0/1) D:5

Annotations:
D:2 Natasha, Sigmund
D:4 Minion's ghost, amateur TrMo
D:6 Menkaure


Innate Abilities, Weirdness & Mutations

You have an increased reservoir of magic. (+10% MP)


Message History

* * * LOW HITPOINT WARNING * * *
Something hits you.
* * * LOW HITPOINT WARNING * * *
Something hits you.
* * * LOW HITPOINT WARNING * * *
Something hits you!
* * * LOW HITPOINT WARNING * * *
Okay, then.
Okay, then.
It was a potion of heal wounds.
You feel much better. Something hits you.
* * * LOW HITPOINT WARNING * * *
Something hits you.
* * * LOW HITPOINT WARNING * * *
Something hits you.
* * * LOW HITPOINT WARNING * * *
As you read the scroll of teleportation, it crumbles to dust.
You feel strangely unstable. Something hits you!
* * * LOW HITPOINT WARNING * * *
Something hits you.
You die...

###....####.##.###.#####
#....# #.##.# #.# #....#
#.##.# #.# #....# #....#
#.# #....# ###### #.#
#....# #.# ###### ###.#
#...# # #@###.# #.{...#
#######


There were no monsters in sight!

Vanquished Creatures
  2 phantoms
  A necrophage (D:5)
  A howler monkey (D:5)
  2 crimson imps
  2 bullfrog zombies (D:6)
  A centaur zombie (D:6)
  A quasit (D:5)
  A centaur skeleton (D:6)
  3 orc wizards (D:4)
  3 orc priests (D:4)
  5 hounds
  Terence (D:2)
  Natasha (twice) (D:2)
  A worker ant (D:6)
  Robin (D:2)
  3 gnolls (D:3)
  12 adders
  2 oozes
  7 worms
  4 dart slugs
  5 leopard geckos
  12 orcs
  3 ball pythons (Sewer)
  13 giant cockroaches
  11 goblins
  17 hobgoblins
  5 jackals
  2 quokkas (D:4)
  A ball python skeleton (D:4)
  3 bats
  13 frilled lizards
  13 kobolds
  A quokka skeleton (D:4)
  6 rats
160 creatures vanquished.

Vanquished Creatures (collateral kills)
  An orc wizard (D:4)
  An adder (D:2)
2 creatures vanquished.

Grand Total: 162 creatures vanquished

Notes
Turn   | Place    | Note
-------+----------+-------------------------------------------
     0 | D:1      | Magnus the Demigod Transmuter began the quest for the Orb.
     0 | D:1      | Reached XP level 1. HP: 15/15 MP: 5/5
     9 | D:1      | Reached skill level 1 in Fighting
   206 | D:1      | Reached XP level 2. HP: 14/23 MP: 7/7
  1232 | D:1      | Learned a level 2 spell: Sticks to Snakes
  1242 | D:2      | Noticed Robin
  1249 | D:2      | Reached XP level 3. HP: 28/28 MP: 6/9
  1271 | D:2      | Killed Robin
  1831 | D:2      | Noticed Natasha
  1837 | D:2      | Killed Natasha
  1837 | D:2      | Reached XP level 4. HP: 3/36 MP: 10/10
  2166 | D:2      | Noticed Natasha
  2172 | D:2      | Killed Natasha
  2177 | D:2      | Noticed Sigmund
  2344 | D:2      | Noticed Natasha
  2776 | D:2      | You fall through a shaft!
  2870 | D:3      | Found a glowing drain.
  3124 | Sewer    | Entered a sewer
  3226 | Sewer    | Reached XP level 5. HP: 35/41 MP: 12/12
  3923 | D:3      | Found an opulent altar of Gozag.
  3983 | D:2      | Noticed Terence
  3990 | D:2      | Killed Terence
  4292 | D:2      | Learned a level 3 spell: Spider Form
  5757 | D:4      | Reached XP level 6. HP: 48/48 MP: 12/15
  5868 | D:4      | Noticed Minion's ghost (amateur TrMo)
  7016 | D:4      | Reached skill level 5 in Transmutations
  7016 | D:4      | Reached XP level 7. HP: 32/55 MP: 16/16
  8455 | D:5      | Entered Level 5 of the Dungeon
  9282 | D:5      | Found a staircase to the Ecumenical Temple.
  9644 | D:5      | Reached skill level 5 in Fighting
  9696 | D:6      | Noticed Menkaure
  9782 | D:6      | Found a stormy altar of Qazlal.
 10207 | D:6      | Reached XP level 8. HP: 38/67 MP: 17/17
 10372 | D:6      | Found a sparkling altar of Nemelex Xobeh.
 10372 | D:6      | Noticed a deep elf mage
 10474 | D:6      | HP: 1/67 [something (7)]
 10476 | D:6      | Slain by an unseen horror

Vault maps used:
D:1:      minmay_arrival_shattered_statue, minmay_pentomino_r2
D:2:      uniq_sigmund, uniq_robin, uniq_natasha, uniq_terence
D:3:      nicolae_gozag_cash_rules_everything_around_me, portal_sewer_entry_f
D:4:      minmay_door_path
D:5:      minmay_temple_entry_fiery, first_bread, kennysheep_boxes
D:6:      minmay_opposing_rooms, basic_altar, grunt_nemelex_the_gamble,
          uniq_menkaure
Sewer:    sewer_co_cracked_pipes

Skill      XL: |  1  2  3  4  5  6  7 |
---------------+----------------------+-----
Fighting       | 1 2 5 |  5.0
Transmutations | 2 3 5 |  5.2
Spellcasting   | 2 3 4 |  4.0
Unarmed Combat | 3 4 |  4.9
Dodging        | |  1.7

Action                   |  1- 3 |  4- 6 |  7- 9 || total
-------------------------+-------+-------+-------++-------
Melee: Unarmed           |    16 |    54 |    19 ||    89
       Whip              |    95 |   189 |   142 ||   426
       Punch             |       |     1 |     2 ||     3
 Cast: Beastly Appendage |     1 |       |       ||     1
       Sticks to Snakes  |     2 |     9 |       ||    11
       Spider Form       |       |     7 |     2 ||     9
  Use: Potion            |     2 |       |     1 ||     3
       Scroll            |       |       |    11 ||    11
 Stab: Sleeping          |     1 |     5 |     2 ||     8
       Distracted        |       |       |     1 ||     1
  Eat: Chunk             |     3 |    18 |     4 ||    25
       Meat ration       |       |       |     1 ||     1
Armor: Robe              |    22 |    18 |    28 ||    68
       Skin              |     4 |     5 |       ||     9
Dodge: Dodged            |    60 |   141 |   108 ||   309
